 Dungeon Crawl Stone Soup version 0.30-a0-1113-ga8025317a9 (webtiles) character file.

Game seed: 11107638399497615549

258 MacCMillion the Shooter (level 5, 0/41 HPs)
             Began as a Draconian Hunter on Apr 20, 2023.
             Slain by an ogre
             ... wielding a +0 giant club
              (8 damage)
             ... on level 4 of the Dungeon.
             The game lasted 00:07:06 (3550 turns).

MacCMillion the Shooter (Draconian Hunter)          Turns: 3550, Time: 00:07:06

Health: 0/41       AC:  5    Str: 13    XL:     5   Next: 94%
Magic:  5/5        EV: 17    Int:  9    God:
Gold:   214        SH:  0    Dex: 23    Spells: 4/4 levels left

rFire   . . .      SeeInvis .    a - +0 shortbow
rCold   . . .      Faith    .    (shield currently unavailable)
rNeg    . . .      Spirit   .    (body armour unavailable)
rPois   .          Reflect  .    (helmet restricted)
rElec   .          Rampage  .    (no cloak)
rCorr   .                        (no gloves)
Will    .....                    (no boots)
Stlth   ++                       (no amulet)
HPRegen 0.26/turn                e - +6 ring of dexterity
MPRegen 0.09/turn                s - +5 ring of evasion

@: no status effects
A: AC +5, unfitting armour, cold-blooded
a: no special abilities


You were on level 4 of the Dungeon.
You visited 1 branch of the dungeon, and saw 5 of its levels.

You collected 214 gold pieces.

Inventory:

Hand Weapons
 a - a +0 shortbow (weapon)
Missiles
 g - 2 throwing nets
Jewellery
 e - a +6 ring of dexterity (left hand)
 s - a +5 ring of evasion (right hand)
Scrolls
 b - 2 scrolls of immolation
 i - a scroll of blinking {unknown}
 k - a scroll of fog {unknown}
 l - a scroll of amnesia {unknown}
 m - 2 scrolls of teleportation {unknown}
 o - 4 scrolls of identify {unknown}
 p - a scroll of fear {unknown}
 r - a scroll of vulnerability {unknown}
 u - a scroll of poison {unknown}
Potions
 c - 2 potions of brilliance
 d - a potion of invisibility {unknown}
 f - 2 potions of heal wounds
 h - a potion of curing {unknown}
 j - 3 potions of mutation {unknown}
 n - a potion of flight {unknown}
 q - a potion of attraction {unknown}
 t - a potion of cancellation {unknown}


   Skills:
 - Level 2.1 Fighting
 + Level 6.3 Ranged Weapons
 - Level 1.7 Dodging
 - Level 2.0 Stealth


You had 4 spell levels left.
You didn't know any spells.
Your spell library contained the following spells:

 Spells                   Type           Power      Damage    Failure   Level
 Sandblast                Erth           0%         2d4       38%         1
 Passwall                 Tmut/Erth      0%         N/A       52%         2
 Stone Arrow              Conj/Erth      0%         3d7       77%         3


Dungeon Overview and Level Annotations

Branches:
Dungeon (5/15)
 Temple: D:4-7

Altars:
Qazlal

Annotations:
D:3 Terence
D:4 2 transporters, 1 runed translucent door, Crazy Yiuf; Odexios's ghost, novice OpTm


Innate Abilities, Weirdness & Mutations

Your plain brown scales are hard. (AC +5)
You cannot fit into any form of body armour.
You are cold-blooded and may be slowed by cold attacks.


Message History

Crazy Yiuf shouts!
Crazy Yiuf grits, "Cholesterol verde ena!"
Press: ? - help, v - describe, . - travel
Here: Crazy Yiuf, wielding a +3 quarterstaff of chaos and wearing a +0 cloak (fire blocked by a runed translucent door)
The floor.
Unknown command.
Could not explore, unopened runed door.
Crazy Yiuf screams, "Mama!"
There is a stone staircase leading down here.
You climb downwards.
Found 7 stones.
There is a stone staircase leading up here.
You shoot an arrow. The arrow hits the shadow imp.
The shadow imp shouts!
The shadow imp is moderately wounded.
The ogre shouts!
You shoot an arrow. The arrow hits the ogre.
The ogre is lightly wounded.
You shoot an arrow. The arrow hits the shadow imp.
The shadow imp is heavily wounded.
The shadow imp gestures at you. Pain shoots through your body!
You shoot an arrow. The arrow barely misses the ogre.
You shoot an arrow. The arrow hits the ogre!
The ogre is moderately wounded.
A jelly comes into view.
The jelly moves out of view.
The ogre hits you with a +0 giant club!
You climb upwards.
Level annotation: 2 transporters, 1 runed translucent door, Crazy Yiuf; Odexios's ghost, novice OpTm
There is a stone staircase leading down here.
You shoot an arrow. The arrow hits the ogre!
The ogre is severely wounded.
You shoot an arrow. The arrow hits the ogre!
The ogre is almost dead.
The ogre hits you with a +0 giant club!!
* * * LOW HITPOINT WARNING * * *
You are too injured to fight recklessly!
The ogre attacks as you move away! The ogre hits you with a +0 giant club!
You die...

.#.###.....###.........####.#
.#.# #.##.## #.........# #.#
.#.# #.##.# #......|..# #.#
.#.###.##.## #.........# #.#
...#...##..###.........# #(#
##.#...##.<#...........# #.#
...........#.#.#.####### #.#
...........#...#.#####
#.#####
.....#..........@O...#
#......
##...........#...###.#
#######. ..........####.###
#.# #.......
##.#.............# #.#
#.#####. ##....#..###.###.#
#.#####.# #. ...####.####.#
#.# #...†...# #. ##.#
#......###.########### ##
##># ######...#.#......# ...#
#######.#.#........####


You could see an ogre.

Vanquished Creatures
  A scorpion (D:3)
  2 orc priests (D:4)
  An orc wizard (D:4)
  2 adders
  11 orcs
  7 endoplasms
  4 giant cockroaches
  16 goblins
  5 hobgoblins
  3 jackals (D:2)
  4 quokkas
  2 ball pythons
  6 bats
  4 frilled lizards
  6 kobolds
  10 rats
84 creatures vanquished.

Notes
Turn   | Place    | Note
-------+----------+-------------------------------------------
     0 | D:1      | MacCMillion the Draconian Hunter began the quest for the
                  | Orb.
     0 | D:1      | Reached XP level 1. HP: 17/17 MP: 1/1
    74 | D:1      | Reached skill level 1 in Stealth
   254 | D:1      | Reached XP level 2. HP: 24/24 MP: 2/2
   596 | D:1      | Reached skill level 4 in Ranged Weapons
  1001 | D:2      | Found a stormy altar of Qazlal.
  1013 | D:2      | Reached XP level 3. HP: 29/29 MP: 3/3
  1853 | D:3      | Identified the +7 flail "Tunaad" {chaos, rF++}
  1960 | D:3      | Reached XP level 4. HP: 36/36 MP: 4/4
  2392 | D:3      | Noticed Terence
  2427 | D:3      | Reached skill level 5 in Ranged Weapons
  2550 | D:4      | Noticed a scorpion
  2561 | D:3      | Killed a scorpion
  2562 | D:3      | Reached XP level 5. HP: 33/41 MP: 5/5
  2825 | D:4      | Noticed Odexios's ghost (novice OpTm)
  2826 | D:4      | Noticed an ogre
  2827 | D:4      | Identified the +2 great mace "Figamelu" {heavy, Will+
                  | Dex+5}
  2827 | D:4      | Noticed an ogre
  2852 | D:4      | Found a transporter.
  2854 | D:4      | Noticed an ogre
  2856 | D:4      | Found a transporter.
  3079 | D:4      | Reached skill level 6 in Ranged Weapons
  3496 | D:4      | Found a runed translucent door.
  3497 | D:4      | Noticed Crazy Yiuf
  3539 | D:5      | Entered Level 5 of the Dungeon
  3539 | D:5      | Noticed an ogre
  3550 | D:4      | Slain by an ogre

Illustrated notes

Levels and vault maps discovered:
D:1:      mrwooster_arrival_statue_2, layout_basic, nicolae_hexahallways
D:2:      cheibrodos_helix_gallery, layout_basic, basic_altar
D:3:      layout_loops_cross, minivault_26, uniq_terence
D:4:      layout_basic, gammafunk_ghost_smash, uniq_crazy_yiuf_cottage
D:5:      layout_cave_pools, nicolae_shop_gadgets, uniq_pikel

Skill      XL: |  1  2  3  4  5 |
---------------+----------------+-----
Stealth        | 1 2 |  2.0
Ranged Weapons | 4 5 6 |  6.3
Fighting       | |  2.1
Dodging        | |  1.7

Action                     |  1- 3 |  4- 6 || total
---------------------------+-------+-------++-------
   Fire: Shortbow          |   122 |   106 ||   228
    Use: Potion            |       |     2 ||     2
 Armour: Skin              |     6 |    11 ||    17
  Dodge: Dodged            |    22 |    21 ||    43

Table legend: (Time is in decaauts)
 A = Elapsed time spent in this place.
 B = Non-inter-level travel time spent in this place.
 C = Inter-level travel time spent in this place.
 D = Time resting spent in this place.
 E = Time spent auto-exploring this place.
 F = Levels seen in this place.
 G = Mean time per level.
                   A        B        C        D        E       F      G
               +--------+--------+--------+--------+--------+-----+--------+
         Total |   3610 |   3436 |    174 |    243 |   2727 |   5 |  722.0 |
       Dungeon |   3610 |   3436 |    174 |    243 |   2727 |   5 |  722.0 |
               +--------+--------+--------+--------+--------+-----+--------+

Top non-repeatable levels by time:
     D:2: 1080 daAuts
     D:4: 931 daAuts
     D:3: 803 daAuts
     D:1: 787 daAuts
     D:5: 7 daAuts
